 Dungeon Sprint DCSS version 0.23.0 (webtiles) character file.

Game seed: 2334305873776710957

445 Kairos the Blocker (level 7, -11/63 HPs)
             Began as a Formicid Fighter on Feb 12, 2019.
             Was an Initiate of Cheibriados.
             Mangled by a deep troll (12 damage)
             ... in the Dungeon (Sprint I: "Red Sonja").
             The game lasted 00:03:16 (824 turns).

Kairos the Blocker (Formicid Fighter)                Turns: 824, Time: 00:03:16

Health: -11/63     AC:  8    Str: 29    XL:     7   Next: 23%
Magic:  3/8        EV: 11    Int:  8    God:    Cheibriados [......]
Gold:   414        SH: 12    Dex: 11    Spells: 6/6 levels left

rFire    . . .     SeeInvis +   a - +0 quarterstaff
rCold    . . .     Gourm    .   c - +0 shield
rNeg     . . .     Faith    .   b - +0 scale mail
rPois    .         Spirit   .   (helmet unavailable)
rElec    .         Reflect  .   (no cloak)
rCorr    .         Harm     .   (no gloves)
MR       .....                  (no boots)
Stlth    ..........             (no amulet)
HPRegen  0.20/turn              (no ring)
MPRegen  0.11/turn              (no ring)

@: mighty, very slow
A: permanent stasis, dig shafts and tunnels, four strong arms, antennae 3
a: Dig, Bend Time, Renounce Religion


You were in the Dungeon.
You worshipped Cheibriados.
Cheibriados was noncommittal.
You were not hungry.

You visited 1 branch You collected 414 gold pieces.

Inventory:

Hand Weapons
 a - a +0 quarterstaff (weapon)
Missiles
 e - 3 curare-tipped needles
Armour
 b - a +0 scale mail (worn)
 c - a +0 shield (worn)
Wands
 l - a wand of random effects (11)
Scrolls
 k - a scroll of blinking
Potions
 g - a potion of heal wounds
 h - 2 potions of haste
 i - 2 potions of magic
 j - a potion of berserk rage
Comestibles
 f - 2 rations


   Skills:
 + Level 8.5 Fighting
 + Level 7.2 Staves
 + Level 8.2 Armour
 + Level 2.1 Dodging
 + Level 9.5 Shields
 + Level 1.9 Evocations


You had 6 spell levels left.
You didn't know any spells.
Your spell library was empty.

Dungeon Overview and Level Annotations

Branches:
Dungeon (1/1)

Altars:
Cheibriados
Dithmenos
Elyvilon
Fedhas
Gozag
Hepliaklqana
Kikubaaqudgha
Nemelex Xobeh
Okawaru
Qazlal
Ru
Sif Muna
Trog
Uskayaw
Vehumet
Wu Jian
Yredelemnul
Zin
The Shining One

Shops:
D [=

Annotations:
D Sonja


Innate Abilities, Weirdness & Mutations

You cannot be hasted, slowed, berserked, paralysed or teleported.
You can dig through walls and to a lower floor.
Your four strong arms can wield two-handed weapons with a shield.
You have a pair of large antennae on your head. (SInv)


Message History

You sock the deep troll!
The deep troll is severely wounded.
The deep troll bites you but does no damage.
The deep troll claws you!
* * * LOW HITPOINT WARNING * * *
The deep troll claws you but does no damage.
Unknown command.
You feel very mighty all of a sudden. You block the deep troll's attack.
The deep troll claws you.
* * * LOW HITPOINT WARNING * * *
You block the deep troll's attack.
You sock the deep troll!
The deep troll is almost dead.
You block the deep troll's attack. x3
You sock the deep troll!
The deep troll is almost dead.
The deep troll bites you.
* * * LOW HITPOINT WARNING * * *
The deep troll claws you!
You die...

#..#####'#####'#
#..####..#...#[#
#..#__####..##.# {
#..#_____##'#_.+
#⌠⌠#_.∩...'..._# {
####_..__##_.#'#
#_____###'#.#
############.####+###
#∩........'...@T$.$$+
###++++####...#######
{ ##.## { { #+# {{ {
{ { { {


{{{{ { {{{ { {{{{ You could see a deep troll.

Vanquished Creatures
  A yak (D)
  Sigmund (D)
  An ogre (D)
  A jelly (D)
  Ijyb (D)
5 creatures vanquished.

Vanquished Creatures (others)
  A gargoyle (D)
1 creature vanquished.

Grand Total: 6 creatures vanquished

Notes
Turn   | Place    | Note
-------+----------+-------------------------------------------
     0 | D        | Kairos the Formicid Fighter began the quest for the Orb.
     0 | D        | Reached XP level 1. HP: 18/18 MP: 1/1
     2 | D        | Noticed Ijyb
    15 | D        | Killed Ijyb
    15 | D        | Reached skill level 5 in Shields
    15 | D        | Reached XP level 2. HP: 26/26 MP: 2/2
    15 | D        | Reached XP level 3. HP: 31/31 MP: 3/3
    20 | D        | Noticed an ogre
    25 | D        | Killed an ogre
    25 | D        | Reached skill level 1 in Dodging
    25 | D        | Reached skill level 6 in Shields
    25 | D        | Reached XP level 4. HP: 14/40 MP: 4/4
    25 | D        | Reached XP level 5. HP: 16/46 MP: 5/5
   293 | D        | Noticed Sigmund
   303 | D        | Killed Sigmund
   303 | D        | Reached skill level 5 in Staves
   303 | D        | Reached skill level 8 in Shields
   303 | D        | Reached skill level 1 in Evocations
   303 | D        | Reached XP level 6. HP: 55/55 MP: 6/6
   323 | D        | Found an ornate altar of the Wu Jian Council.
   323 | D        | Found a deep blue altar of Sif Muna.
   325 | D        | Found a radiant altar of Vehumet.
   438 | D        | Found Byon's Jewellery Emporium.
   438 | D        | Found an ancient bone altar of Kikubaaqudgha.
   438 | D        | Found a hazy altar of Hepliaklqana.
   438 | D        | Found a stormy altar of Qazlal.
   438 | D        | Found a hide-covered altar of Uskayaw.
   438 | D        | Found a blossoming altar of Fedhas.
   438 | D        | Found a bloodstained altar of Trog.
   438 | D        | Found an iron altar of Okawaru.
   438 | D        | Found a basalt altar of Yredelemnul.
   438 | D        | Found a glowing golden altar of the Shining One.
   438 | D        | Found a snail-covered altar of Cheibriados.
   438 | D        | Found a sacrificial altar of Ru.
   438 | D        | Found a glowing silver altar of Zin.
   438 | D        | Found a shadowy altar of Dithmenos.
   438 | D        | Found a white marble altar of Elyvilon.
   438 | D        | Noticed a yak
   454 | D        | Killed a yak
   454 | D        | Reached skill level 9 in Shields
   454 | D        | Reached XP level 7. HP: 14/63 MP: 6/8
   699 | D        | Found an opulent altar of Gozag.
   700 | D        | Found a sparkling altar of Nemelex Xobeh.
   708 | D        | Became a worshipper of Cheibriados the Contemplative
   717 | D        | Noticed Sonja
   792 | D        | Found Kokemiev's Armour Boutique.
   796 | D        | Killed a gargoyle
   812 | D        | Noticed a deep troll
   824 | D        | HP: 1/63 [deep troll (6)]
   824 | D        | Mangled by a deep troll

Skill      XL: |  1  2  3  4  5  6 |
---------------+-------------------+-----
Fighting       | 4 6 7 8 |  8.5
Armour         | 4 6 7 8 |  8.2
Shields        | 5 6 8 9 |  9.5
Staves         | 4 5 7 |  7.2
Dodging        | 1 2 |  2.1
Evocations     | 1 |  1.9

Action                   |  1- 3 |  4- 6 |  7- 9 || total
-------------------------+-------+-------+-------++-------
Melee: Quarterstaff      |    16 |    30 |     8 ||    54
Invok: Bend Time         |       |       |     2 ||     2
Evoke: Wand              |     1 |     4 |     3 ||     8
  Use: Potion            |       |       |     2 ||     2
Armor: Scale mail        |     2 |     5 |     4 ||    11
Dodge: Dodged            |     8 |     3 |     6 ||    17
Block: Shield            |     7 |    15 |    15 ||    37
